 Dungeon Crawl Stone Soup version 0.21.1-1-g345015fe64 (webtiles) character file.

1075 NullDivider the Charlatan (level 8, -1/42 HPs)
             Began as a Spriggan Artificer on Apr 3, 2018.
             Slain by a slave (10 damage)
             ... led by Pikel
             ... on level 5 of the Dungeon.
             The game lasted 00:23:52 (8047 turns).

NullDivider the Charlatan (Spriggan Artificer)      Turns: 8047, Time: 00:23:55

Health: -1/42      AC:  2    Str:  8    XL:     8   Next: 8%
Magic:  13/13      EV: 22    Int: 13    God:
Gold:   116        SH:  0    Dex: 18    Spells: 7/7 levels left

rFire    . . .     SeeInvis +   m - +2 short sword (speed)
rCold    . . .     Gourm    .   (shield restricted)
rNeg     . . .     Faith    .   b - +0 robe
rPois    .         Spirit   .   (helmet restricted)
rElec    .         Reflect  .   (no cloak)
rCorr    .         Harm     .   (gloves unavailable)
MR       +....                  (boots unavailable)
Stlth    +++.......             (no amulet)
HPRegen  0.14/turn              (no ring)
MPRegen  0.13/turn              (no ring)

@: very quick
A: very small, unfitting armour, see invisible, herbivore, speed 3, slow
metabolism 2
a: no special abilities


You were on level 5 of the Dungeon.
You were very hungry.

You visited 1 branch of the dungeon, and saw 5 of its levels.
You also visited: Sewer.

You collected 116 gold pieces.

Inventory:

Hand Weapons
 g - a +3 dagger
 m - a +2 short sword of speed (weapon)
 s - a +1 dagger of freezing
 u - a +2 rapier of holy wrath
Armour
 b - a +0 robe (worn)
Wands
 d - a wand of enslavement (13)
Scrolls
 a - a scroll of blinking {unknown}
 c - 2 scrolls of fear {unknown}
 k - 2 scrolls of remove curse {unknown}
 l - 4 scrolls of identify {unknown}
 n - a scroll of immolation {unknown}
 o - a scroll of fog {unknown}
 p - 2 scrolls of enchant armour {unknown}
 q - 5 scrolls of teleportation {unknown}
 w - a scroll of enchant weapon {unknown}
Potions
 e - a potion of brilliance {unknown}
 h - 2 potions of ambrosia {unknown}
 i - 5 potions of flight {unknown}
 j - 7 potions of curing
 r - 3 potions of heal wounds {unknown}
 t - 3 potions of agility {unknown}
 v - a potion of haste {unknown}
 x - 3 potions of might {unknown}
Comestibles
 f - 9 rations


   Skills:
 * Level 4.4 Fighting
 + Level 4.3 Short Blades
 + Level 6.2 Dodging
 + Level 6.1 Stealth
 + Level 6.4 Evocations


You had 7 spell levels left.
You didn't know any spells.

Dungeon Overview and Level Annotations

Branches:
Dungeon (5/15)
 Temple: D:4-7

Altars:
Zin

Annotations:
D:4 Blork the orc, Duvessa
D:5 Pikel


Innate Abilities, Weirdness & Mutations

You are very small and have problems with some larger weapons.
You are too small for most types of armour.
You have supernaturally acute eyesight. (SInv)
You are a herbivore.
You cover ground extremely quickly.
You need consume almost no food.


Message History

You hit Pikel.
Pikel is heavily wounded.
You hit Pikel but do no damage.
Pikel is heavily wounded.
Your slave hits Pikel. The slave misses you.
Pikel drinks a potion.
Pikel is healed!
You hit Pikel but do no damage.
Pikel is moderately wounded.
Your slave hits Pikel. You hit Pikel.
Pikel is heavily wounded.
The slave barely misses you. Pikel closely misses you.
You hit Pikel.
Pikel is heavily wounded.
Your slave barely misses Pikel.
Pikel hits you with a whip of flaming!
* * * LOW HITPOINT WARNING * * *
Pikel burns you.
* * * LOW HITPOINT WARNING * * *
The slave hits you!
You die...

#.#.######. #.# #Y
...####.#.#...... #.# #.
................. #.# #.
...####.#.#.##### #.# ##
#p#.#.....####.####
#p#.#.#.#.#........
#o#.#.#.#......####
#######K#p...............
(......p@.#.#.#..........
#######.#<#.#.#....######
#######+#...#.#....#
#.........#.#.#....#
#......)..#.#.######
#.............#
#.........#.###
#.........#.#
#.........###


You could see Pikel, 3 slaves, an orc and a friendly slave.

Vanquished Creatures
  The ghost of elbjorno the Slinger, an amateur HaHu (D:4)
  An ice beast (D:5)
  2 ogres
  A big kobold (Sewer)
  Dowan (D:4)
  2 scorpions (D:4)
  A howler monkey (D:4)
  A crimson imp (D:5)
  A hound (D:3)
  A jelly (D:5)
  An orc wizard (D:3)
  Jessica (D:2)
  7 adders
  A river rat (D:4)
  2 oozes
  3 worms
  3 dart slugs
  6 leopard geckos
  9 orcs (D:3)
  3 giant cockroaches
  9 goblins
  8 hobgoblins
  10 jackals
  27 kobolds
  A quokka (D:4)
  4 ball pythons
  7 bats
  7 frilled lizards
  A leopard gecko zombie (D:1)
  A quokka zombie (D:1)
  13 rats
136 creatures vanquished.

Vanquished Creatures (others)
  A jackal (D:1)
1 creature vanquished.

Grand Total: 137 creatures vanquished

Notes
Turn   | Place    | Note
-------+----------+-------------------------------------------
     0 | D:1      | NullDivider the Spriggan Artificer began the quest for the Orb.
     0 | D:1      | Reached XP level 1. HP: 9/9 MP: 4/4
   122 | D:1      | Reached skill level 1 in Fighting
   418 | D:1      | Reached XP level 2. HP: 4/14 MP: 6/6
  1322 | D:1      | Reached XP level 3. HP: 15/18 MP: 7/7
  2312 | D:2      | Reached XP level 4. HP: 22/23 MP: 8/8
  3011 | D:2      | Noticed Jessica
  3016 | D:2      | Killed Jessica
  3331 | D:3      | Reached skill level 5 in Evocations
  3331 | D:3      | Reached XP level 5. HP: 17/27 MP: 9/9
  3555 | D:3      | Found a glowing silver altar of Zin.
  4855 | D:4      | Reached XP level 6. HP: 29/32 MP: 10/10
  5225 | D:4      | Noticed elbjorno's ghost (amateur HaHu)
  5330 | D:4      | Found a glowing drain.
  5345 | D:4      | Reached skill level 5 in Dodging
  5380 | Sewer    | Entered a sewer
  6207 | D:4      | Reached XP level 7. HP: 36/36 MP: 12/12
  6246 | D:4      | Killed elbjorno's ghost
  6246 | D:4      | Reached skill level 5 in Stealth
  6800 | D:4      | Noticed Dowan
  6801 | D:4      | Noticed Duvessa
  6804 | D:4      | Killed Dowan
  6909 | D:4      | HP: 1/37 [poisoned by Duvessa]
  7326 | D:4      | Noticed Blork the orc
  7690 | D:5      | Entered Level 5 of the Dungeon
  7942 | D:5      | Reached XP level 8. HP: 33/42 MP: 13/13
  8006 | D:5      | Noticed Pikel
  8047 | D:5      | Slain by a slave

Skill      XL: |  1  2  3  4  5  6  7 |
---------------+----------------------+-----
Fighting       | 1 2 3 4 |  4.4
Stealth        | 2 3 4 6 |  6.1
Short Blades   | 2 3 4 |  4.3
Dodging        | 4 5 6 |  6.2
Evocations     | 5 6 |  6.4

Action                   |  1- 3 |  4- 6 |  7- 9 || total
-------------------------+-------+-------+-------++-------
Melee: Short sword       |    39 |   306 |    83 ||   428
       Dagger            |   104 |       |       ||   104
       Rapier            |       |       |    23 ||    23
Evoke: Wand              |     6 |    23 |     3 ||    32
  Use: Potion            |       |       |     1 ||     1
 Stab: Sleeping          |    10 |     9 |     5 ||    24
       Distracted        |       |     1 |       ||     1
       Paralysed         |       |     1 |       ||     1
  Eat: Ration            |       |     1 |     1 ||     2
Armor: Robe              |     7 |    13 |     3 ||    23
Dodge: Dodged            |   103 |   221 |    58 ||   382
